 Dungeon Crawl Stone Soup version 0.17-a0-1093-g0b3cd89 (webtiles) character file.

59 AnnoyedKobold the Sneak (level 4, -8/24 HPs)
             Began as a Kobold Enchanter on May 20, 2015.
             Mangled by an ogre
             ... wielding a cursed -3 giant spiked club
              (23 damage)
             ... on level 4 of the Dungeon.
             The game lasted 00:07:23 (2381 turns).

AnnoyedKobold the Sneak (Kobold Enchanter)          Turns: 2381, Time: 00:07:23

Health: -8/24      AC:  4    Str:  6    XL:     4   Next: 22%
Magic:  4/7        EV: 14    Int: 13    God:
Gold:   101        SH:  0    Dex: 17    Spells: 2 memorised, 3 levels left

rFire  . . .     SeeInvis .     a - +1 dagger
rCold  . . .     Clarity  .     i - +1 leather armour
rNeg   . . .     SustAb   .     (shield restricted)
rPois  .         Gourm    .     (no helmet)
rElec  .         Spirit   .     (no cloak)
rCorr  .         Warding  .     (no gloves)
rMut   .         Rnd*Tele +     (no boots)
MR     .....                    (no amulet)
Stlth  +++.......               (no ring)
                                n - ring of teleportation (curse)

@: not resistant to hostile enchantments, fairly stealthy
A: carnivore 3
a: Evoke Teleportation


You were on level 4 of the Dungeon.
You were very full.

You visited 1 branch of the dungeon, and saw 4 of its levels.

You collected 101 gold pieces.

Inventory:

Hand weapons
 a - a +1 dagger (weapon)
Armour
 b - a +1 robe
 i - a +1 leather armour (worn)
Jewellery
 n - a cursed ring of teleportation (left hand)
Scrolls
 e - a scroll of random uselessness {unknown}
 h - a scroll of enchant armour
 l - a scroll of identify
 q - 3 scrolls of remove curse {unknown}
 r - a scroll of noise {unknown}
 s - a scroll of teleportation {unknown}
Potions
 g - a potion of cure mutation
 j - a potion of flight {unknown}
 k - a potion of curing
 o - 2 potions of magic
 p - a potion of brilliance
 t - 2 potions of agility
Books
 c - a book of Maledictions

   Spells                             Type                      Level
   a - Corona                         Hexes                        1
   b - Ensorcelled Hibernation        Hexes/Ice                    2
   c - Confuse                        Hexes                        3
   d - Tukima's Dance                 Hexes                        3
   e - Dazzling Spray                 Conjuration/Hexes            3
Comestibles
 d - a meat ration
 f - a slice of pizza
 m - a beef jerky


   Skills:
 - Level 1.3 Short Blades
 - Level 2.4 Dodging
 + Level 5.5 Stealth
 - Level 2.0 Spellcasting
 + Level 4.0 Hexes


You had 3 spell levels left.
You knew the following spells:

 Your Spells              Type           Power        Failure   Level  Hunger
a - Corona                Hex            ##.....      10%         1    ##.....
b - Confuse               Hex            ##......     24%         3    ####...


Dungeon Overview and Level Annotations

Branches:
Dungeon (4/15)
 Temple: D:4-7

Altars:
Vehumet


Innate Abilities, Weirdness & Mutations

You are small and have problems with some larger weapons.
You are carnivorous and can eat meat at any time.


Message History

Casting: Confuse
Confirm with . or Enter, or press ? or * to list all spells.
Aiming: Confuse
Press: ? - help, Shift-Dir - straight line, f - ogre
Aim: an ogre, wielding a giant spiked club (chance to defeat MR: 42%)
The ogre appears confused.
You completely miss the ogre. You hit the ogre.
The ogre is lightly wounded.
The ogre completely misses you.
You hit the ogre but do no damage.
The ogre is lightly wounded.
You hit the ogre.
The ogre is lightly wounded.
The ogre hits you with a giant spiked club!
You hit the ogre.
The ogre is moderately wounded.
The ogre hits you with a giant spiked club!!
Ouch! That really hurt!
You die...

#.####)########....#
###.####.#########.#.##
#(...##.........##.#..#
#.#..#.##.#####. #.##.#
#......##.# #.##.##.#
##...##.##<# #.......#
##.....##...# #.##.#..#
#...)...##..#####....#..#
##.....####.@O....#
#..##### ##...## #########
#....... ##[.## ##.#####
##.#.## #.#
##.###.#################.#
####.##
##...........O......#
....##
##.....#############
.###.## #.##...#
.####.###.# #...#


You could see an ogre (confused).

Vanquished Creatures
  2 adders
  An ooze (D:4)
  2 giant geckos (D:1)
  2 orcs
  2 giant cockroaches
  3 goblins
  6 hobgoblins
  A ball python (D:1)
  6 bats
  A giant gecko skeleton (D:4)
  2 giant newts
  2 kobolds
  6 rats
36 creatures vanquished.

Notes
Turn   | Place    | Note
--------------------------------------------------------------
     0 | D:1      | AnnoyedKobold the Kobold Enchanter began the quest for the Orb.
     0 | D:1      | Reached XP level 1. HP: 10/10 MP: 3/3
    96 | D:1      | Reached XP level 2. HP: 13/15 MP: 5/5
   813 | D:1      | Reached XP level 3. HP: 19/19 MP: 6/6
  1047 | D:2      | Learned a level 3 spell: Confuse
  1470 | D:2      | Reached skill level 5 in Stealth
  1910 | D:4      | Reached XP level 4. HP: 17/24 MP: 4/7
  2204 | D:4      | Noticed an ogre
  2205 | D:4      | Noticed a phantom
  2269 | D:3      | Noticed a phantom
  2270 | D:3      | Found a radiant altar of Vehumet.
  2381 | D:4      | Mangled by an ogre

Vault maps used:
D:1:      minmay_arrival_diagonal_passages, st_stairs_8
D:3:      old_standard_altar, nicolae_overflow_hidden_temple, first_bread,
          grunt_ministairs_5, serial_park_tiny_pond, st_stairs_13, uniq_robin
D:4:      nicolae_overflow_crystal_walls

Action                   |  1- 3 |  4- 6 || total
-------------------------+-------+-------++-------
Melee: Dagger            |    87 |    35 ||   122
 Cast: Corona            |     6 |       ||     6
       Confuse           |       |     5 ||     5
  Use: Potion            |     4 |       ||     4
       Scroll            |     6 |       ||     6
 Stab: Sleeping          |    13 |     1 ||    14
  Eat: Chunk             |     8 |     4 ||    12
